[Event "Elitserien Allsvenskan 2018-19"]
[Site "Sweden"]
[Date "2018.11.09"]
[Round "1"]
[White "Von Bahr, Oskar"]
[Black "Berovski, Krum"]
[Result "*"]
[ECO "C15"]
[WhiteElo "2409"]
[BlackElo "2321"]
[Annotator "RC"]
[PlyCount "20"]
[EventDate "2018.11.09"]
[EventType "team-tourn"]
[EventCountry "SWE"]
[SourceTitle "playchess.com"]
[Source "ChessBase"]
[SourceQuality "1"]
[TimeControl "40/5400+30:1800+30"]

1. d4 e6 2. e4 d5 3. Nc3 Bb4 4. Nge2 dxe4 5. a3 Bxc3+ 6. Nxc3 Bd7 7. Qg4 Nf6 8. Qxg7 Rg8 9. Qh6 Rg6 10. Qh4 Bc6 *

[Event "Elitserien Allsvenskan 2018-19"]
[Site "Sweden"]
[Date "2018.11.09"]
[Round "1"]
[White "Kabadayi, Can"]
[Black "Namini, Armin"]
[Result "*"]
[ECO "A14"]
[WhiteElo "2213"]
[BlackElo "2205"]
[Annotator "NA RC"]
[PlyCount "29"]
[EventDate "2018.11.09"]
[EventType "team-tourn"]
[EventCountry "SWE"]
[SourceTitle "playchess.com"]
[Source "ChessBase"]
[SourceQuality "1"]
[TimeControl "40/5400+30:1800+30"]

1. Nf3 d5 2. g3 Nf6 3. Bg2 e6 4. O-O Be7 5. b3 O-O 6. Bb2 c5 7. c4 Nc6 8. e3 Bd7 9. d3 Qc7 10. a3 dxc4 11. bxc4 Rfd8 12. Qe2 a6 13. Nbd2 Rac8 14. Rac1 Be8 15. Ne1 $11 *

[Event "Elitserien Allsvenskan 2018-19"]
[Site "Sweden"]
[Date "2018.11.10"]
[Round "2"]
[White "Salih, Akar Ali Salih"]
[Black "Wengholm, Anders"]
[Result "1/2-1/2"]
[ECO "B42"]
[WhiteElo "2242"]
[BlackElo "2210"]
[Annotator "NA"]
[PlyCount "127"]
[EventDate "2018.11.09"]
[EventType "team-tourn"]
[EventCountry "SWE"]
[SourceTitle "playchess.com"]
[Source "ChessBase"]
[SourceQuality "1"]
[TimeControl "40/5400+30:1800+30"]

1. e4 c5 2. Nf3 e6 3. d4 cxd4 4. Nxd4 a6 5. Bd3 d6 6. c4 Nf6 7. Nc3 g6 8. Qe2 Bg7 9. O-O O-O 10. Nf3 Nc6 11. Rd1 Ng4 12. Bf4 Nge5 13. Nxe5 dxe5 14. Be3 Nd4 15. Bxd4 exd4 16. Nb1 Qd6 17. Nd2 e5 18. Rac1 b6 19. c5 bxc5 20. Nb3 Be6 21. Nxc5 Bxa2 22. b4 Be6 23. Bxa6 Rab8 24. b5 Bh6 25. Nxe6 Qxe6 26. Rc6 Qb3 27. Qc2 Qxc2 28. Rxc2 Bg5 29. Rc5 Rfe8 30. Kf1 Bd8 31. Ke2 Bb6 32. Rd5 f6 33. Rc1 Red8 34. Rxd8+ Bxd8 35. Kd3 Bb6 36. g3 Kf7 37. f4 Ke7 38. Rc6 Bd8 39. Kc4 Bb6 40. Bc8 Ba5 41. Bg4 exf4 42. gxf4 Bd2 43. Rc7+ Kf8 44. Rxh7 Bxf4 45. Be6 Be5 46. h4 Rd8 47. Kd3 Rb8 48. Bc4 Rb6 49. Kc2 Bg3 50. Kd3 Be5 51. Rf7+ Ke8 52. Ra7 f5 53. exf5 gxf5 54. Ra6 Rxa6 55. bxa6 Bb8 56. Kxd4 Kf8 57. Be6 f4 58. Kc5 Ba7+ 59. Kd6 f3 60. Ke5 f2 61. Bc4 Kg7 62. Kf4 Kh6 63. Kg4 Bb6 64. Be2 1/2-1/2

[Event "Elitserien Allsvenskan 2018-19"]
[Site "Sweden"]
[Date "2018.11.10"]
[Round "2"]
[White "Namini, Armin"]
[Black "Cederstam Barsk, Carl"]
[Result "0-1"]
[ECO "A37"]
[WhiteElo "2205"]
[BlackElo "2317"]
[Annotator "ChessBase"]
[PlyCount "112"]
[EventDate "2018.11.09"]
[EventType "team-tourn"]
[EventCountry "SWE"]
[SourceTitle "playchess.com"]
[Source "ChessBase"]
[SourceQuality "1"]
[TimeControl "40/5400+30:1800+30"]

1. c4 c5 2. g3 g6 3. Bg2 Bg7 4. Nc3 Nc6 5. Nf3 d6 6. a3 e6 7. O-O Nge7 8. d3 O-O 9. Bg5 Qd7 10. Rb1 b6 11. Ne4 f5 12. Nc3 Bb7 13. Qd2 Nd4 14. Nxd4 cxd4 15. Na2 Bxg2 16. Kxg2 Nc6 17. Nb4 Ne5 18. Bh6 Bxh6 19. Qxh6 Qb7+ 20. Kg1 Ng4 21. Qh3 Qg7 22. Nc6 Rac8 23. Qg2 Rc7 24. h3 Nh6 25. e3 dxe3 26. fxe3 Nf7 27. Nd4 Qe5 28. Rbe1 Re8 29. Nb5 Rce7 30. Kh2 d5 31. b3 a6 32. Nd4 Qd6 33. Rd1 Qxa3 34. Ra1 Qd6 35. Rxa6 dxc4 36. dxc4 e5 37. Nb5 Qd3 38. e4 fxe4 39. Rxb6 Ng5 40. Nd6 Nf3+ 41. Kh1 Rf8 42. c5 Ra7 43. b4 Kh8 44. Rc1 e3 45. Rb8 Rxb8 46. Qxf3 Kg8 47. Rf1 Rba8 48. Qf6 Qd5+ 49. Kg1 e2 50. Re1 Rf8 51. Qh4 Qf3 52. Qc4+ Kg7 53. Ne4 Ra2 54. c6 Rd2 55. Qc3 Qf1+ 56. Kh2 Rf2+ 0-1

[Event "Elitserien Allsvenskan 2018-19"]
[Site "Sweden"]
[Date "2018.11.11"]
[Round "3"]
[White "Smith, Axel"]
[Black "Ernst, Thomas"]
[Result "1/2-1/2"]
[ECO "D42"]
[WhiteElo "2492"]
[BlackElo "2321"]
[Annotator "ChessBase"]
[PlyCount "89"]
[EventDate "2018.11.09"]
[EventType "team-tourn"]
[EventCountry "SWE"]
[SourceTitle "playchess.com"]
[Source "ChessBase"]
[SourceQuality "1"]
[TimeControl "40/5400+30:1800+30"]

1. c4 c5 2. Nf3 Nc6 3. e3 Nf6 4. d4 cxd4 5. exd4 d5 6. Nc3 e6 7. cxd5 Nxd5 8. Bd3 Be7 9. O-O O-O 10. Re1 Bf6 11. Be4 Nce7 12. Ne5 Bd7 13. Qd3 g6 14. Bh6 Bg7 15. Bxg7 Kxg7 16. Bxd5 Nxd5 17. Nxd5 exd5 18. Qb3 Bf5 19. Qxb7 Rb8 20. Qxa7 Rxb2 21. g3 Qa8 22. Qxa8 Rxa8 23. a3 Rd2 24. Nf3 Rc2 25. a4 Rc4 26. a5 Be4 27. Re3 Ra6 28. Kf1 Bxf3 29. Rxf3 Rxd4 30. Rb3 Rd2 31. Rb6 Rxb6 32. axb6 Rb2 33. Ra5 Rxb6 34. Rxd5 Kf6 35. Kg2 Rb2 36. Kf1 Kg7 37. Kg2 h5 38. Kf1 Rb4 39. Kg2 h4 40. Kh3 hxg3 41. hxg3 Ra4 42. Kg2 Rb4 43. Kh3 Ra4 44. Kg2 Rb4 45. Kh3 1/2-1/2

[Event "Elitserien Allsvenskan 2018-19"]
[Site "Sweden"]
[Date "2018.11.11"]
[Round "3"]
[White "Johansson, Linus"]
[Black "Malmstig, Erik"]
[Result "1-0"]
[ECO "A07"]
[WhiteElo "2464"]
[BlackElo "2333"]
[Annotator "ChessBase"]
[PlyCount "85"]
[EventDate "2018.11.09"]
[EventType "team-tourn"]
[EventCountry "SWE"]
[SourceTitle "playchess.com"]
[Source "ChessBase"]
[SourceQuality "1"]
[TimeControl "40/5400+30:1800+30"]

1. Nf3 Nf6 2. g3 d5 3. Bg2 c6 4. O-O Bg4 5. h3 Bf5 6. d3 h6 7. Nbd2 Nbd7 8. Re1 e5 9. e4 dxe4 10. dxe4 Be6 11. b3 Qc7 12. Bb2 a5 13. Qe2 Nh7 14. Nc4 f6 15. Nh4 Bf7 16. Red1 b5 17. Ne3 a4 18. Bf3 g6 19. Bg2 Ng5 20. Ng4 a3 21. Bc1 O-O-O 22. c3 Be7 23. b4 Nb6 24. Rxd8+ Qxd8 25. Bxa3 Qg8 26. Bc1 Be6 27. Be3 Na4 28. Qd2 Nf7 29. a3 h5 30. Nh2 Nd6 31. Nf1 Kc7 32. Qe1 Nc4 33. Nd2 Ncb2 34. Qc1 f5 35. Ndf3 Nd3 36. Qd2 fxe4 37. Ng5 Bxg5 38. Bxg5 Bf5 39. Qe3 Qc4 40. Qa7+ Kd6 41. Nxf5+ gxf5 42. Qe7+ Kd5 43. Qd7# 1-0

[Event "Elitserien Allsvenskan 2018-19"]
[Site "Sweden"]
[Date "2018.11.11"]
[Round "3"]
[White "Wedberg, Tom"]
[Black "Vernersson, Per"]
[Result "1/2-1/2"]
[ECO "B17"]
[WhiteElo "2439"]
[BlackElo "2296"]
[Annotator "NA RC"]
[PlyCount "61"]
[EventDate "2018.11.09"]
[EventType "team-tourn"]
[EventCountry "SWE"]
[SourceTitle "playchess.com"]
[Source "ChessBase"]
[SourceQuality "1"]
[TimeControl "40/5400+30:1800+30"]

1. e4 c6 2. d4 d5 3. Nd2 dxe4 4. Nxe4 Nd7 5. Bc4 Ngf6 6. Ng5 e6 7. Qe2 Nb6 8. Bd3 h6 9. N5f3 Nbd7 10. Bd2 c5 11. O-O-O cxd4 12. Nxd4 Nc5 13. Bb5+ Bd7 14. Ngf3 a6 15. Bxd7+ Qxd7 16. Kb1 Be7 17. Bf4 Qa4 18. b3 Qa5 19. Bd2 Qb6 20. Ne5 Nce4 21. Be1 Qc7 22. Nc4 b5 23. f3 bxc4 24. fxe4 O-O 25. Rf1 Rfc8 26. Rf3 Qe5 27. Re3 a5 28. Bg3 Qg5 29. Nf3 Qc5 30. Rc3 Qb4 31. Be1 1/2-1/2

[Event "Elitserien Allsvenskan 2018-19"]
[Site "Sweden"]
[Date "2018.11.11"]
[Round "3"]
[White "Ertan, Can"]
[Black "Salomon, Johan"]
[Result "1/2-1/2"]
[ECO "B50"]
[WhiteElo "2416"]
[BlackElo "2485"]
[Annotator "ChessBase"]
[PlyCount "52"]
[EventDate "2018.11.09"]
[EventType "team-tourn"]
[EventCountry "SWE"]
[SourceTitle "playchess.com"]
[Source "ChessBase"]
[SourceQuality "1"]
[TimeControl "40/5400+30:1800+30"]

1. e4 c5 2. Nf3 d6 3. c3 Nf6 4. Qc2 Qc7 5. Bc4 Bg4 6. d3 Bxf3 7. gxf3 e6 8. Qe2 Nc6 9. f4 O-O-O 10. Bb3 g6 11. Nd2 Bh6 12. Nf3 d5 13. Ng5 dxe4 14. dxe4 Nh5 15. Qe3 Bxg5 16. fxg5 Ne5 17. Bc2 h6 18. f4 Nc4 19. Qe2 Nb6 20. Rf1 hxg5 21. fxg5 Rhf8 22. Bd2 Nd7 23. O-O-O Ne5 24. Be3 a6 25. Kb1 Rxd1+ 26. Rxd1 Rd8 1/2-1/2

[Event "Elitserien Allsvenskan 2018-19"]
[Site "Sweden"]
[Date "2018.11.11"]
[Round "3"]
[White "Jepson, Christian"]
[Black "Larsson, Johan"]
[Result "1/2-1/2"]
[ECO "D34"]
[WhiteElo "2402"]
[BlackElo "2195"]
[Annotator "NA"]
[PlyCount "88"]
[EventDate "2018.11.09"]
[EventType "team-tourn"]
[EventCountry "SWE"]
[SourceTitle "playchess.com"]
[Source "ChessBase"]
[SourceQuality "1"]
[TimeControl "40/5400+30:1800+30"]

1. d4 d5 2. Nf3 e6 3. c4 c5 4. cxd5 exd5 5. g3 Nc6 6. Bg2 Nf6 7. O-O Be7 8. Nc3 O-O 9. dxc5 Bxc5 10. Na4 Be7 11. Be3 Re8 12. Rc1 Bg4 13. Nc5 Bxc5 14. Bxc5 Qd7 15. Re1 Rad8 16. Nd4 Ne5 17. Bxa7 b6 18. Bxb6 Rb8 19. Bc7 Rxb2 20. Bxe5 Rxe5 21. Rc2 Rb6 22. Qa1 h5 23. Rb1 Rxb1+ 24. Qxb1 h4 25. Rb2 g6 26. Rb8+ Kg7 27. Qb4 Nh7 28. Qb2 Nf6 29. Rb6 Qa4 30. Bf1 Qd1 31. e3 hxg3 32. hxg3 Bh3 33. Qe2 Qa1 34. Nc2 Bxf1 35. Qxf1 Qxa2 36. Qa1 Qxa1+ 37. Nxa1 d4 38. Nc2 d3 39. Nd4 d2 40. Rb1 Rc5 41. Nb3 Rc2 42. Rd1 Ne4 43. f3 Nxg3 44. Kf2 Nf5 1/2-1/2

[Event "Elitserien Allsvenskan 2018-19"]
[Site "Sweden"]
[Date "2018.11.11"]
[Round "3"]
[White "Hedman, Erik"]
[Black "Thorn, Eric"]
[Result "1/2-1/2"]
[ECO "E05"]
[WhiteElo "2372"]
[BlackElo "2300"]
[Annotator "NA"]
[PlyCount "80"]
[EventDate "2018.11.09"]
[EventType "team-tourn"]
[EventCountry "SWE"]
[SourceTitle "playchess.com"]
[Source "ChessBase"]
[SourceQuality "1"]
[TimeControl "40/5400+30:1800+30"]

1. d4 Nf6 2. c4 e6 3. Nf3 d5 4. g3 Be7 5. Bg2 O-O 6. O-O dxc4 7. Qc2 a6 8. a4 Bd7 9. Qxc4 Bc6 10. Bf4 Bd6 11. Qc1 a5 12. Bd2 Qe7 13. Nc3 Na6 14. Bg5 h6 15. Bxf6 Qxf6 16. e4 e5 17. dxe5 Bxe5 18. Nxe5 Qxe5 19. Qe3 Rad8 20. Rfd1 Qc5 21. Qe2 Qb4 22. e5 Bxg2 23. Kxg2 c6 24. Ne4 Nc5 25. Nxc5 Qxc5 26. e6 Qe7 27. exf7+ Qxf7 28. Rxd8 Rxd8 29. Qe3 Re8 30. Qd3 Qe6 31. Kg1 Kh8 32. Qc3 Qe5 33. Qb3 Re7 34. Rd1 Kh7 35. h4 Qe2 36. Rd8 Qe1+ 37. Kg2 Qe4+ 38. Kg1 Qe1+ 39. Kg2 Qe4+ 40. Kg1 Qe1+ 1/2-1/2

[Event "Elitserien Allsvenskan 2018-19"]
[Site "Sweden"]
[Date "2018.11.11"]
[Round "3"]
[White "Seo, Jung Min"]
[Black "Bator, Robert"]
[Result "1-0"]
[ECO "D23"]
[WhiteElo "2369"]
[BlackElo "2384"]
[Annotator "NA"]
[PlyCount "189"]
[EventDate "2018.11.09"]
[EventType "team-tourn"]
[EventCountry "SWE"]
[SourceTitle "playchess.com"]
[Source "ChessBase"]
[SourceQuality "1"]
[TimeControl "40/5400+30:1800+30"]

1. Nf3 d5 2. d4 Nf6 3. c4 c6 4. Qb3 dxc4 5. Qxc4 Bf5 6. g3 e6 7. Bg2 Be7 8. O-O O-O 9. Nc3 Nbd7 10. Re1 Ne4 11. Qb3 Qb6 12. Nh4 Bxh4 13. gxh4 Nef6 14. e4 Bg6 15. Qxb6 axb6 16. Bf4 Rfc8 17. a4 h6 18. Rad1 Ra5 19. Bd6 Ne8 20. Bg3 f6 21. Bh3 Nf8 22. d5 Bf7 23. f4 cxd5 24. exd5 f5 25. Bf2 exd5 26. Bxb6 Rxc3 27. bxc3 Rxa4 28. Bd4 Ng6 29. Bxf5 Nxf4 30. Bd7 Ra8 31. Rd2 Nf6 32. Bxf6 gxf6 33. Rf1 Ng6 34. Rg2 Kf8 35. Rxf6 Ke7 36. Rf1 Nxh4 37. Re2+ Kxd7 38. Rxf7+ Kd6 39. Rxb7 Rg8+ 40. Kf2 Nf5 41. Rf7 Nh4 42. Rf6+ Kc5 43. Rxh6 Rf8+ 44. Ke1 Nf3+ 45. Kd1 d4 46. cxd4+ Nxd4 47. Rg2 Nf5 48. Rh5 Kd4 49. Rf2 Ke4 50. Ke1 Rf7 51. Rg5 Nh6 52. Rxf7 Nxf7 53. Rg1 Ne5 54. Ke2 Kf4 55. h3 Kf5 56. Rg3 Ng6 57. Kf2 Nh4 58. Rg4 Ng6 59. Kg3 Kf6 60. h4 Ne5 61. Rg5 Nf7 62. Rg8 Nh6 63. Rg5 Nf7 64. Ra5 Kg6 65. Kf4 Nh6 66. h5+ Kg7 67. Ra7+ Kf6 68. Rb7 Nf7 69. Rb6+ Kg7 70. Rg6+ Kh7 71. Kf5 Nh6+ 72. Kg5 Nf7+ 73. Kf6 Nh6 74. Rg7+ Kh8 75. Kg6 Ng4 76. Ra7 Ne5+ 77. Kf5 Nf3 78. Kg6 Ne5+ 79. Kf6 Nf3 80. Re7 Kg8 81. Rg7+ Kh8 82. Rg3 Nd4 83. Kg6 Ne6 84. Ra3 Nf4+ 85. Kh6 Kg8 86. Ra8+ Kf7 87. Rb8 Ne6 88. Kh7 Nf8+ 89. Kh8 Ne6 90. h6 Nf4 91. Rb7+ Kf8 92. Kh7 Nd5 93. Rg7 Nf4 94. Rg4 Nd3 95. Rg1 1-0

[Event "Elitserien Allsvenskan 2018-19"]
[Site "Sweden"]
[Date "2018.11.11"]
[Round "3"]
[White "Schneider, Stefan"]
[Black "Nygren, David"]
[Result "1-0"]
[ECO "A43"]
[WhiteElo "2365"]
[BlackElo "2288"]
[Annotator "NA"]
[PlyCount "61"]
[EventDate "2018.11.09"]
[EventType "team-tourn"]
[EventCountry "SWE"]
[SourceTitle "playchess.com"]
[Source "ChessBase"]
[SourceQuality "1"]
[TimeControl "40/5400+30:1800+30"]

1. d4 Nf6 2. Nf3 c5 3. d5 e6 4. Nc3 exd5 5. Nxd5 Nc6 6. Bg5 Be7 7. Nxe7 Qxe7 8. c4 d6 9. e3 O-O 10. Be2 Be6 11. O-O Rfd8 12. Qc2 h6 13. Bh4 d5 14. a3 d4 15. Rae1 dxe3 16. fxe3 Bg4 17. Bd3 Bxf3 18. gxf3 Rd6 19. Bf5 Rad8 20. Re2 Re8 21. Rff2 Ne5 22. Rf1 Red8 23. b3 Re8 24. Kh1 Qd8 25. Rg2 Kh8 26. f4 Nc6 27. Rfg1 Rg8 28. Bh7 Re8 29. Rxg7 Qc8 30. Bf5 Qd8 31. Bxf6 1-0

[Event "Elitserien Allsvenskan 2018-19"]
[Site "Sweden"]
[Date "2018.11.11"]
[Round "3"]
[White "Wickstrom, Lucas"]
[Black "Lindgren, Philip"]
[Result "0-1"]
[ECO "D35"]
[WhiteElo "2356"]
[BlackElo "2374"]
[Annotator "NA"]
[PlyCount "40"]
[EventDate "2018.11.09"]
[EventType "team-tourn"]
[EventCountry "SWE"]
[SourceTitle "playchess.com"]
[Source "ChessBase"]
[SourceQuality "1"]
[TimeControl "40/5400+30:1800+30"]

1. d4 Nf6 2. Nf3 d5 3. c4 e6 4. cxd5 exd5 5. Nc3 c6 6. Bg5 Nbd7 7. e3 h6 8. Bh4 Bd6 9. Bd3 Nb6 10. Ne5 Be6 11. f4 g5 12. fxg5 Bxe5 13. g6 Bd6 14. O-O Be7 15. Qf3 Nbd7 16. e4 Qb6 17. Rae1 Ne5 18. Qe3 Nfg4 19. gxf7+ Bxf7 20. Rxf7 Bxh4 0-1

[Event "Elitserien Allsvenskan 2018-19"]
[Site "Sweden"]
[Date "2018.11.11"]
[Round "3"]
[White "Bellon Lopez, Juan Manuel"]
[Black "De Verdier, Michael"]
[Result "1/2-1/2"]
[ECO "D02"]
[WhiteElo "2337"]
[BlackElo "2277"]
[Annotator "NA"]
[PlyCount "91"]
[EventDate "2018.11.09"]
[EventType "team-tourn"]
[EventCountry "SWE"]
[SourceTitle "playchess.com"]
[Source "ChessBase"]
[SourceQuality "1"]
[TimeControl "40/5400+30:1800+30"]

1. d4 d5 2. Bf4 Nf6 3. e3 e6 4. Nd2 Bd6 5. Bg3 O-O 6. Ngf3 b6 7. c3 c5 8. Ne5 Qc7 9. a4 Ba6 10. Bxa6 Nxa6 11. O-O Nb8 12. Nd3 Bxg3 13. hxg3 Nbd7 14. g4 e5 15. g5 Ne4 16. dxe5 Nxe5 17. Nxe5 Nxd2 18. Qxd2 Qxe5 19. f4 Qe4 20. a5 Rad8 21. axb6 axb6 22. Rad1 f6 23. gxf6 Rxf6 24. Qd3 Re6 25. Kf2 d4 26. exd4 cxd4 27. Qxe4 Rxe4 28. g3 Rde8 29. Rxd4 Re2+ 30. Kf3 Rxb2 31. Kg4 Rc2 32. Rf3 Rc8 33. Rdd3 Re2 34. f5 Kf7 35. Rd7+ Re7 36. Rd6 Rec7 37. Re3 Re7 38. Red3 Rc4+ 39. Kg5 h6+ 40. Kh5 Rec7 41. Rxb6 Rxc3 42. Rbd6 Rxd3 43. Rxd3 Kf6 44. g4 Rc1 45. Rd6+ Kf7 46. Kh4 1/2-1/2

[Event "Elitserien Allsvenskan 2018-19"]
[Site "Sweden"]
[Date "2018.11.11"]
[Round "3"]
[White "Kucuksari, Kaan"]
[Black "Namini, Armin"]
[Result "1-0"]
[ECO "E92"]
[WhiteElo "2329"]
[BlackElo "2205"]
[Annotator "NA"]
[PlyCount "87"]
[EventDate "2018.11.09"]
[EventType "team-tourn"]
[EventCountry "SWE"]
[SourceTitle "playchess.com"]
[Source "ChessBase"]
[SourceQuality "1"]
[TimeControl "40/5400+30:1800+30"]

1. d4 Nf6 2. Nf3 g6 3. c4 Bg7 4. Nc3 O-O 5. e4 d6 6. h3 e5 7. d5 Na6 8. Bg5 h6 9. Be3 Nc5 10. Nd2 a5 11. Be2 Bd7 12. O-O Nh7 13. b3 f5 14. f3 f4 15. Bf2 Bf6 16. Qe1 h5 17. a3 a4 18. b4 Nb3 19. Nxb3 axb3 20. c5 Ng5 21. Kh2 Bxh3 22. gxh3 Qd7 23. Qd1 Qxh3+ 24. Kg1 b2 25. Ra2 Be7 26. c6 b1=Q 27. Qxb1 Nxf3+ 28. Bxf3 Qxf3 29. cxb7 Rab8 30. Ba7 Qxc3 31. Rc1 Qf3 32. Rxc7 Bd8 33. Rf2 Qxa3 34. Bxb8 Qg3+ 35. Rg2 Qe3+ 36. Kh2 f3 37. Qc1 Qxe4 38. Rc4 Qf5 39. Bxd6 fxg2 40. Bxf8 Bg5 41. b8=Q Bxc1 42. Bd6+ Kh7 43. Rc7+ Kh6 44. Qf8+ 1-0

[Event "Elitserien Allsvenskan 2018-19"]
[Site "Sweden"]
[Date "2018.11.11"]
[Round "3"]
[White "Storme, Isak"]
[Black "Carlsson, Ludvig"]
[Result "0-1"]
[ECO "B76"]
[WhiteElo "2319"]
[BlackElo "2041"]
[Annotator "NA"]
[PlyCount "100"]
[EventDate "2018.11.09"]
[EventType "team-tourn"]
[EventCountry "SWE"]
[SourceTitle "playchess.com"]
[Source "ChessBase"]
[SourceQuality "1"]
[TimeControl "40/5400+30:1800+30"]

1. e4 c5 2. Nf3 d6 3. d4 cxd4 4. Nxd4 Nf6 5. Nc3 g6 6. Be3 Bg7 7. f3 Nc6 8. Qd2 O-O 9. O-O-O d5 10. Qe1 e5 11. Nxc6 bxc6 12. exd5 Nxd5 13. Bc4 Be6 14. Ne4 f5 15. Ng5 Bc8 16. h4 h6 17. Ne4 Be6 18. Qg3 f4 19. Qxg6 Bf7 20. Qxc6 Rc8 21. Rxd5 Rxc6 22. Rxd8 Rxd8 23. Bxf7+ Kxf7 24. Bxa7 Ra6 25. Bc5 Rxa2 26. Kb1 Ra6 27. c4 Bf8 28. Bxf8 Rxf8 29. Rd1 Rg8 30. Rd7+ Ke8 31. Rh7 Rxg2 32. c5 Kf8 33. Rb7 Rg3 34. Rb6 Rxb6 35. cxb6 Rg6 36. Nc5 Ke7 37. b7 Rb6 38. Kc2 Kd6 39. Ne4+ Kd5 40. Kc3 Rxb7 41. b4 Rb6 42. h5 Ra6 43. Kd3 Ra1 44. b5 Ra3+ 45. Nc3+ Kc5 46. Kd2 Kd4 47. Ne2+ Kc4 48. Nc1 Rxf3 49. b6 Rf2+ 50. Ne2 f3 0-1

[Event "Elitserien Allsvenskan 2018-19"]
[Site "Sweden"]
[Date "2018.11.11"]
[Round "3"]
[White "Al-Hadarani, Hatim"]
[Black "Kretz, Johan"]
[Result "1-0"]
[ECO "A19"]
[WhiteElo "2318"]
[BlackElo "2220"]
[Annotator "NA"]
[PlyCount "99"]
[EventDate "2018.11.09"]
[EventType "team-tourn"]
[EventCountry "SWE"]
[SourceTitle "playchess.com"]
[Source "ChessBase"]
[SourceQuality "1"]
[TimeControl "40/5400+30:1800+30"]

1. c4 Nf6 2. Nc3 e6 3. e4 c5 4. e5 Ng8 5. f4 $11 Nc6 6. Nf3 Nh6 7. Bd3 d6 8. Be4 Nd4 9. O-O Nhf5 10. d3 a6 11. Kh1 Qc7 12. g4 Ne7 13. Nxd4 cxd4 14. Ne2 dxe5 15. fxe5 Ng6 16. Nxd4 Qxe5 17. Nf3 Qc7 18. Ng5 f6 19. Nxh7 f5 20. gxf5 Rxh7 21. Qe2 Bd6 22. fxe6 Rxh2+ 23. Qxh2 Bxh2 24. Bxg6+ Ke7 25. Rf7+ Kxe6 26. Rxc7 Bxc7 27. Bg5 Bd6 28. d4 b6 29. Re1+ Kd7 30. Be8+ Kc7 31. d5 Bf5 32. Kg2 Bd7 33. Bxd7 Kxd7 34. Be3 Rc8 35. Rc1 Rh8 36. Bxb6 Rh2+ 37. Kf3 Rxb2 38. Bd4 Rxa2 39. c5 Ra4 40. Ke4 Bg3 41. Rf1 Bh4 42. Kd3 Ra3+ 43. Kc4 Ra4+ 44. Kc3 Ra3+ 45. Kb4 Rg3 46. c6+ Kd6 47. Bc5+ Kxd5 48. c7 a5+ 49. Kb5 Rb3+ 50. Ka6 1-0

[Event "Elitserien Allsvenskan 2018-19"]
[Site "Sweden"]
[Date "2018.11.11"]
[Round "3"]
[White "Pantzar, Milton"]
[Black "Drugge, Patrik"]
[Result "1-0"]
[ECO "A84"]
[WhiteElo "2314"]
[BlackElo "2198"]
[Annotator "NA"]
[PlyCount "55"]
[EventDate "2018.11.09"]
[EventType "team-tourn"]
[EventCountry "SWE"]
[SourceTitle "playchess.com"]
[Source "ChessBase"]
[SourceQuality "1"]
[TimeControl "40/5400+30:1800+30"]

1. d4 d5 2. Nf3 e6 3. c4 c6 4. Nc3 f5 5. Bf4 Be7 6. e3 Nf6 7. Bd3 O-O 8. Qc2 Ne4 9. g4 $14 {[%emt 0:04:15] LiveBook: 103 Games} g5 10. Be5 Nd7 11. h4 Nxe5 12. Nxe5 gxh4 13. O-O-O Bd7 14. Rdg1 Kh8 15. f4 Bf6 16. Nxd7 Qxd7 17. Bxe4 fxe4 18. g5 Bg7 19. Rxh4 c5 20. dxc5 Rad8 21. Rgh1 h6 22. cxd5 exd5 23. Rxh6+ Bxh6 24. Rxh6+ Kg7 25. Nxe4 dxe4 26. Qc3+ Kg8 27. Rh8+ Kf7 28. Rh7+ 1-0

[Event "Elitserien Allsvenskan 2018-19"]
[Site "Sweden"]
[Date "2018.11.11"]
[Round "3"]
[White "Rothen, Hakan"]
[Black "Cramling, Dan"]
[Result "1/2-1/2"]
[ECO "A57"]
[WhiteElo "2298"]
[BlackElo "2341"]
[Annotator "NA"]
[PlyCount "103"]
[EventDate "2018.11.09"]
[EventType "team-tourn"]
[EventCountry "SWE"]
[SourceTitle "playchess.com"]
[Source "ChessBase"]
[SourceQuality "1"]
[TimeControl "40/5400+30:1800+30"]

1. d4 Nf6 2. Nf3 c5 3. d5 d6 4. c4 b5 5. cxb5 a6 6. bxa6 g6 7. e4 Bg7 8. Nc3 Qa5 9. Bd2 O-O 10. h3 Bxa6 11. Bxa6 Qxa6 12. Qe2 Ne8 13. Qxa6 Nxa6 14. Ke2 f5 15. exf5 Rxf5 16. g4 Rf8 17. Bg5 Nec7 18. a3 Bxc3 19. bxc3 Nxd5 20. c4 Nb6 21. Nd2 Nb8 22. Rhb1 Ra6 23. Bh6 Rd8 24. Be3 Nc6 25. f4 Rda8 26. h4 Kf7 27. Rb3 Nd7 28. Ne4 Ra4 29. Kd3 Na5 30. Rc3 Rb8 31. h5 Nf6 32. hxg6+ hxg6 33. Nxf6 exf6 34. f5 Rh8 35. Rb1 Rh3 36. Ke4 gxf5+ 37. Kxf5 d5 38. Bd4 Rxc3 39. Bxc3 Nxc4 40. Rb7+ Ke8 41. Ke6 Ra6+ 42. Kxd5 Ne3+ 43. Kxc5 Rxa3 44. Bxf6 Nxg4 45. Bd4 Ra6 46. Rg7 Nf6 47. Kb5 Kf8 48. Rb7 Re6 49. Kc5 Re7 50. Rb1 Re6 51. Rb8+ Re8 52. Rxe8+ 1/2-1/2

[Event "Elitserien Allsvenskan 2018-19"]
[Site "Sweden"]
[Date "2018.11.11"]
[Round "3"]
[White "Lundin, Jan"]
[Black "Dragicevic, Drazen"]
[Result "1-0"]
[ECO "B24"]
[WhiteElo "2293"]
[BlackElo "2344"]
[Annotator "NA"]
[PlyCount "59"]
[EventDate "2018.11.09"]
[EventType "team-tourn"]
[EventCountry "SWE"]
[SourceTitle "playchess.com"]
[Source "ChessBase"]
[SourceQuality "1"]
[TimeControl "40/5400+30:1800+30"]

1. e4 c5 2. Nc3 Nc6 3. g3 g6 4. Bg2 Bg7 5. d3 Nf6 6. f4 O-O 7. g4 Nd4 8. h3 d6 9. Nce2 Ne8 10. c3 Nxe2 11. Nxe2 b5 12. O-O a5 13. d4 Ba6 14. Be3 b4 15. Rf2 cxd4 16. cxd4 Rc8 17. a3 Qb6 18. axb4 axb4 19. Qd2 b3 20. d5 Qb5 21. Nd4 Bxd4 22. Qxd4 Qb7 23. e5 Nc7 24. exd6 exd6 25. f5 Rfe8 26. fxg6 fxg6 27. Bh6 Nb5 28. Qf6 Qe7 29. Qxe7 Rxe7 30. Rxa6 1-0